AoeStats
← PremedAnemone61

Arena

504919473Analyzed
1v1 RM · 24d ago on Sep 7, 2026· 45m 46s· 2 players
Game mode
Random Map
Map size
Tiny (2 player)
Population
200
Speed
Normal
Resources
Standard
Victory
Conquest
Starting age
Dark Age
Ending age
Imperial Age
RankedLock teamsTeams togetherTeam positionsShared explorationLock speedFull tech treeHidden civsTurbo modeCheats
Victory
Defeat
🇪🇨 Franks · Ecuador
676
+17
🇺🇸 Dravidians · United States
694
-17
PremedAnemone61
4:44 Loom
10:12 Feudal Age
16:25 Wheelbarrow
15:38 Double-Bit Axe
19:49 Castle Age
21:15 Hand Cart
21:29 Scale Mail Armor
21:40 Forging
24:24 Bow Saw
24:59 Town Watch
26:54 Light Cavalry
27:47 Husbandry
27:58 Scale Barding Armor
28:52 Pikeman
31:01 Iron Casting
30:54 Chain Mail Armor
30:46 Squires
30:32 Arson
35:48 Gold Mining
35:49 Stone Mining
38:38 Imperial Age
36:49 Town Patrol
37:46 Gold Shaft Mining
38:42 Cavalier
40:40 Chivalry
41:08 Conscription
40:24 Halberdier
43:11 Blast Furnace
42:32 Chain Barding Armor
42:27 Paladin
45:02 Plate Mail Armor
46:42 Plate Barding Armor
45:58 Fletching
Sabrina Carpenter
10:20 Loom
12:34 Feudal Age
16:47 Double-Bit Axe
17:39 Stone Mining
22:38 Castle Age
22:24 Gold Mining
22:17 Horse Collar
24:33 Wheelbarrow
24:15 Husbandry
25:51 Bow Saw
26:13 Scale Barding Armor
26:10 Padded Archer Armor
26:17 Fletching
26:32 Padded Archer Armor
30:42 Ballistics
30:35 Fortified Wall
30:22 Murder Holes
32:29 Town Watch
33:06 Heavy Plow
34:42 Masonry
39:19 Devotion
41:57 Squires
42:21 Bodkin Arrow
42:47 Chain Barding Armor
42:38 Forging
43:35 Hand Cart
48:08 Imperial Age
Connection lost

Rejoining the realm…

Still unreachable

The connection could not be restored.

Session expired

The server has moved on; the page needs a fresh start.